 Dungeon Crawl Stone Soup version 0.30-a0-1161-g0704695555 (webtiles) character file.

Game seed: 5753672915875543901

2019 cheesebisquit the Fighter (level 9, -5/138 HPs)
             Began as a Green Draconian Air Elementalist on Apr 27, 2023.
             Was an Initiate of Vehumet.
             Slain by a gnoll sergeant
             ... wielding a +5 spear of venom
              (7 damage)
             ... on level 7 of the Dungeon.
             The game lasted 00:29:09 (11163 turns).

cheesebisquit the Fighter (DrAE)                   Turns: 11163, Time: 00:29:10

Health: -5/138     AC: 28    Str: 10    XL:     9   Next: 3%
Magic:  12/12      EV:  2    Int: 27    God:    Vehumet [......]
Gold:   352        SH:  0    Dex: 11    Spells: 11/12 levels left

rFire   . . .        (no weapon)
rCold   . . .        (no shield)
rNeg    . . .        (body armour unavailable)
rPois   +            (helmet currently unavailable)
rElec   .            l - melded +0 cloak
rCorr   .            n - melded +1 pair of gloves
SInv    .            e - melded +1 pair of boots
Will    .....        (no amulet)
Stlth   ++           f - +6 ring of intelligence
HPRegen 0.43/turn    C - +4 ring of protection
MPRegen 0.13/turn

%: no passive effects
@: lethally poisoned (-5 -> -11), tree-form, hasted, very quick
A: stationary, stasis, torment immunity, boosted hp, (breathe noxious fumes), AC
+7, unfitting armour, (poison resistance), (cold-blooded)
a: Renounce Religion


You were on level 7 of the Dungeon.
You worshipped Vehumet.
Vehumet was noncommittal.
You were a tree.
You visited 2 branches of the dungeon, and saw 8 of its levels.

You collected 352 gold pieces.

Inventory:

Hand Weapons
 d - a +2 dagger of venom
 r - a +0 double sword
 t - a +1 flail of draining
 v - a +5 dagger of holy wrath
Missiles
 j - 3 silver boomerangs
 s - 14 poisoned darts
 F - 5 boomerangs
 G - 2 curare-tipped darts
Armour
 e - a +1 pair of boots (melded)
 l - a +0 cloak (melded)
 n - a +1 pair of gloves (melded)
Jewellery
 f - a +6 ring of intelligence (left branch)
 C - a +4 ring of protection (right branch)
Wands
 p - a wand of polymorph (10)
 y - a wand of flame (21)
Scrolls
 a - a scroll of immolation {unknown}
 b - 5 scrolls of amnesia
 i - a scroll of fog {unknown}
 o - a scroll of magic mapping
 u - a scroll of silence {unknown}
 A - a scroll of poison
 D - 3 scrolls of teleportation
Potions
 c - a potion of mutation
 g - a potion of degeneration
 k - a potion of haste
 m - 2 potions of flight
 q - a potion of resistance
 x - 2 potions of lignification
 z - 2 potions of might
 B - 2 potions of attraction
 E - 2 potions of cancellation


   Skills:
 + Level 12.7 Fighting
 - Level 1.7 Dodging
 - Level 1.7 Stealth
 - Level 2.0 Spellcasting
 - Level 1.0 Conjurations
 - Level 3.0 Air Magic


You had 11 spell levels left.
You knew the following spells:

 Your Spells              Type           Power      Damage    Failure   Level
a - Shock                 Conj/Air       52%        1d6       4%          1

Your spell library contained the following spells:

 Spells                   Type           Power      Damage    Failure   Level
 Static Discharge         Conj/Air       26%        2-4/arc   6%          2
 Swiftness                Air            18%        N/A       9%          3
 Airstrike                Air            9%         2d(2-18)  28%         4


Dungeon Overview and Level Annotations

Branches:
Dungeon (7/15)             Temple (1/1) D:5

Altars:
Cheibriados
Dithmenos
Elyvilon
Fedhas
Gozag
Kikubaaqudgha
Makhleb
Nemelex Xobeh
Okawaru
Qazlal
Ru
Sif Muna
Trog
Uskayaw
Vehumet
Wu Jian
Xom
Yredelemnul
Zin
The Shining One

Annotations:
D:3 Edmund


Innate Abilities, Weirdness & Mutations

You are a tree.
Your roots penetrate the ground, keeping you stationary.
You cannot be teleported.
You are immune to unholy pain and torment.
Your maximum health is greatly increased.
Your equipment is partially melded.
((You can breathe blasts of noxious fumes.))
((Your lurid green scales are hard. (AC +7)))
You cannot fit into any form of body armour.
((Your system is resistant to poisons. (rPois)))
((You are cold-blooded and may be slowed by cold attacks.))


Message History

You barely miss the gnoll sergeant.
Your tail-slap misses the gnoll sergeant.
The gnoll sergeant is almost dead.
* * * LOW HITPOINT WARNING * * *
You feel very sick.
The gnoll sergeant hits you with a +5 spear of venom.
* * * LOW HITPOINT WARNING * * *
You closely miss the gnoll sergeant.
You tail-slap the gnoll sergeant, but do no damage.
The gnoll sergeant is almost dead.
* * * LOW HITPOINT WARNING * * *
You feel very sick.
The gnoll sergeant hits you but does no damage.
You are more poisoned.
Your magical contamination has completely faded away.
* * * LOW HITPOINT WARNING * * *
You feel very sick.
The gnoll sergeant hits you from afar with a +5 spear of venom.
* * * LOW HITPOINT WARNING * * *
You feel less invigorated.
You feel less confused.
* * * LOW HITPOINT WARNING * * *
You feel very sick.
Really quaff the potion of lignification?
You turn into a tree.
Your +0 cloak melds into your body.
Your +1 pair of gloves melds into your body.
Your +1 pair of boots melds into your body.
Your roots penetrate the ground.
* * * LOW HITPOINT WARNING * * *
You feel very sick.
The gnoll sergeant hits you from afar with a +5 spear of venom.
* * * LOW HITPOINT WARNING * * *
Your +5 dagger of holy wrath stops glowing.
You are now empty-handed.
Okay, then.
You feel yourself speed up.
* * * LOW HITPOINT WARNING * * *
You feel very sick.
The gnoll sergeant hits you from afar with a +5 spear of venom!
You die...

######### ..
##...#...####..####
.............!...[..#
................. ..#
......?........ ..# ........
... :.# #...# #.# ..#
##.##g.♣####.####..#
#.....|............# .
..'..........)......$# ##
..##..##..##.........# # #..
#..##...##....# #
........##'####....#
#.....?....##)..##....#
#+####..##..##..##....#....#
#...##..##..##..##....#....#


You could see a gnoll sergeant.

Vanquished Creatures
  Menkaure (D:6)
  A sky beast (D:6)
  An ice beast (D:7)
  3 black bears
  2 ogres (D:5)
  A centaur (D:6)
  A kobold brigand (D:6)
  3 scorpions
  3 killer bees (D:7)
  2 hounds (D:5)
  A jelly (D:6)
  5 orc priests
  A sleepcap (D:3)
  4 iguanas
  3 orc wizards
  6 adders
  14 gnolls
  A shadow imp (D:7)
  2 white imps (D:5)
  2 worms (D:3)
  6 dart slugs
  45 orcs
  8 bats
  2 endoplasms
  4 giant cockroaches
  8 goblins
  7 hobgoblins
  5 jackals
  8 quokkas
  7 ball pythons
  A frilled lizard (D:1)
  11 kobolds
  4 rats
173 creatures vanquished.

Notes
Turn   | Place    | Note
-------+----------+-------------------------------------------
     0 | D:1      | cheesebisquit the Draconian Air Elementalist began the
                  | quest for the Orb.
     0 | D:1      | Reached XP level 1. HP: 14/14 MP: 3/3
   159 | D:1      | Reached skill level 1 in Fighting
   216 | D:1      | Reached XP level 2. HP: 17/24 MP: 1/5
   275 | D:1      | Reached skill level 2 in Fighting
   635 | D:1      | Found a faded altar of an unknown god.
   873 | D:1      | Reached skill level 3 in Fighting
   928 | D:1      | Reached XP level 3. HP: 31/31 MP: 6/6
  2637 | D:3      | Reached skill level 4 in Fighting
  2637 | D:3      | Reached XP level 4. HP: 41/41 MP: 1/7
  2992 | D:2      | Reached skill level 5 in Fighting
  3075 | D:3      | Reached XP level 5. HP: 38/48 MP: 0/8
  3452 | D:3      | You fall into a shaft and drop 3 floors!
  3518 | D:5      | Entered Level 5 of the Dungeon
  4263 | D:4      | Reached skill level 6 in Fighting
  4329 | D:4      | Reached XP level 6. HP: 22/58 MP: 0/9
  4505 | D:4      | Noticed Edmund
  4548 | D:3      | HP: 1/58 [poisoned by you (poison gas)]
  5127 | D:4      | Reached skill level 7 in Fighting
  5863 | D:5      | Found a hide-covered altar of Uskayaw.
  5894 | D:5      | Found a staircase to the Ecumenical Temple.
  6053 | D:5      | Reached skill level 8 in Fighting
  6053 | D:5      | Your scales start taking on a lurid green colour.
  6053 | D:5      | Reached XP level 7. HP: 55/68 MP: 1/10
  6053 | D:5      | Gained mutation: Your system is resistant to poisons.
                  | (rPois) [Green Draconian growth]
  6566 | D:5      | Reached skill level 9 in Fighting
  6914 | D:5      | Reached skill level 10 in Fighting
  7028 | D:5      | Found a burning altar of Makhleb.
  7028 | D:5      | Noticed a blizzard demon
  7031 | D:5      | Noticed a ynoxinul
  7031 | D:5      | Noticed a ynoxinul
  7099 | Temple   | Entered the Ecumenical Temple
  7264 | Temple   | Became a worshipper of Vehumet
  7445 | D:5      | Reached XP level 8. HP: 51/75 MP: 0/11
  8564 | D:6      | Found an ornate altar of the Wu Jian Council.
  8807 | D:6      | Reached skill level 11 in Fighting
  9064 | D:6      | Noticed Menkaure
  9076 | D:6      | Killed Menkaure
  9830 | D:7      | Reached skill level 12 in Fighting
 10900 | D:7      | Reached XP level 9. HP: 92/92 MP: 4/12
 11161 | D:7      | HP: 4/138 [gnoll sergeant/+5 spear of venom (6)]
 11163 | D:7      | Slain by a gnoll sergeant

Illustrated notes

Levels and vault maps discovered:
D:1:      zelgadis_glass_arrival_small, layout_basic,
          nicolae_ecumenical_lake_church, grunt_decor_resistance
D:2:      layout_loops_ring
D:3:      layout_rooms
D:4:      layout_cave_pools, uniq_edmund
D:5:      minmay_inner_zag, layout_loops_cross, makhleb_altar_promises_db,
          nicolae_uskayaw_suspiria
D:6:      wad_crossroads, layout_basic, amcnicky_altar_gilded, uniq_menkaure
D:7:      layout_gridville, nicolae_shop_sticking_my_neck_out
Temple:   minmay_crystal_spiral_temple

Skill      XL: |  1  2  3  4  5  6  7  8 |
---------------+-------------------------+-----
Fighting       | 1 3 4 5 6 8 10 12 | 12.7
Dodging        | |  1.7
Stealth        | |  1.7
Spellcasting   | |  2.0
Conjurations   | |  1.0
Air Magic      | |  3.0

Action                     |  1- 3 |  4- 6 |  7- 9 || total
---------------------------+-------+-------+-------++-------
  Melee: Whip              |    13 |       |       ||    13
         Tailslap          |     3 |     9 |    20 ||    32
         Dagger            |    15 |    71 |   129 ||   215
         Double sword      |       |     7 |       ||     7
         Punch             |       |     1 |     3 ||     4
   Cast: Shock             |   108 |   210 |   273 ||   591
    Use: Scroll            |       |     7 |    15 ||    22
         Potion            |       |     2 |     6 ||     8
   Stab: Sleeping          |       |       |     2 ||     2
 Armour: Skin              |    14 |    53 |   110 ||   177
  Dodge: Dodged            |    27 |   108 |   192 ||   327

Table legend: (Time is in decaauts)
 A = Elapsed time spent in this place.
 B = Non-inter-level travel time spent in this place.
 C = Inter-level travel time spent in this place.
 D = Time resting spent in this place.
 E = Time spent auto-exploring this place.
 F = Levels seen in this place.
 G = Mean time per level.
                   A        B        C        D        E       F      G
               +--------+--------+--------+--------+--------+-----+--------+
         Total |  11183 |  10494 |    689 |    295 |   8537 |   8 | 1397.9 |
       Dungeon |  10969 |  10364 |    605 |    295 |   8425 |   7 | 1567.0 |
        Temple |    213 |    129 |     84 |      0 |    112 |   1 |  213.0 |
               +--------+--------+--------+--------+--------+-----+--------+

Top non-repeatable levels by time:
     D:6: 2547 daAuts
     D:5: 2099 daAuts
     D:1: 1671 daAuts
     D:3: 1545 daAuts
     D:4: 1312 daAuts
     D:2: 1288 daAuts
     D:7: 505 daAuts
  Temple: 213 daAuts
